 Dungeon Crawl Stone Soup version 0.29-a0-359-g541a27f54d (webtiles) character file.

Game seed: 17050943844582622817

492 spaghetti the Grave Robber (level 7, -10/37 HPs)
             Began as a Vine Stalker Necromancer on Apr 27, 2022.
             Was a Priest of Wu Jian.
             Mangled by a yak (13 damage)
             ... on level 5 of the Dungeon.
             The game lasted 00:09:01 (4979 turns).

spaghetti the Grave Robber (VSNe)                   Turns: 4979, Time: 00:09:01

Health: -10/37     AC:  5    Str: 11    XL:     7   Next: 14%
Magic:  0/23       EV: 12    Int: 17    God:    Wu Jian [***...]
Gold:   235        SH:  5    Dex: 14    Spells: 6/14 levels left

rFire   + . .      SeeInvis .   g - +0 whip {mace}
rCold   . . .      Faith    .   (no shield)
rNeg    . . .      Spirit   +   q - +1 leather armour {rF+}
rPois   .          Reflect  +   o - +0 helmet
rElec   .          Harm     .   (no cloak)
rCorr   .          Rampage  .   (no gloves)
Will    .....                   (no boots)
Stlth   ++........              d - amulet of reflection
HPRegen 0.92/turn               Q - ring of magical power
MPRegen 0.18/turn               (no ring)

@: very slightly contaminated, serpent's lash
A: fangs 2, regeneration 1, magic shield, antimagic bite, no potion heal 2
a: Renounce Religion, Wall Jump, Serpent's Lash


You were on level 5 of the Dungeon.
You worshipped Wu Jian.
Wu Jian was most pleased with you.
You visited 1 branch of the dungeon, and saw 5 of its levels.

You collected 235 gold pieces.


Innate Abilities, Weirdness & Mutations

You have extremely sharp teeth.
Your natural rate of healing is unusually fast.
When hurt, damage is shared between your health and your magic reserves.
Your bite disrupts and absorbs the magic of your enemies.
Potions cannot restore your health.


   Skills:
 * Level 4.3 Fighting
 + Level 1.1 Armour
 + Level 2.3 Dodging
 - Level 2.4 Stealth
 * Level 4.0 Spellcasting
 + Level 4.9 Necromancy


You had 6 spell levels left.
You knew the following spells:

 Your Spells              Type           Power      Damage    Failure   Level
a - Pain                  Necr           80%        1d8       2%          1
b - Vampiric Draining     Necr           20%        2d7       9%          3
c - Animate Dead          Necr           10%        N/A       26%         4

Your spell library contained the following spells:

 Spells                   Type           Power      Damage    Failure   Level
 Animate Skeleton         Necr           40%        N/A       2%          1
 Sting                    Tmut/Pois      12%        1d3       21%         1
 Poisonous Vapours        Pois/Air       6%         N/A       30%         2
 Agony                    Necr           20%        N/A       58%         5
 Olgreb's Toxic Radiance  Pois           3%         N/A       90%         4

Inventory:

Hand Weapons
 g - a +0 whip (weapon) {mace}
   (You found it on level 1 of the Dungeon)
Missiles
 t - 82 stones (quivered) {throwing}
Armour
 a - a +0 robe
 o - a +0 helmet (worn)
   (You found it on level 1 of the Dungeon)
 q - a +1 leather armour of fire resistance (worn)
   (You found it on level 1 of the Dungeon)
Jewellery
 d - an amulet of reflection (around neck)
   (You found it on level 1 of the Dungeon)
 Q - a ring of magical power (left hand)
   (You found it on level 3 of the Dungeon)
Scrolls
 c - a scroll of magic mapping {!r}
 e - a scroll of torment {!r}
 h - a scroll of teleportation {@r4}
 k - a scroll of noise {unknown}
 l - a scroll of brand weapon
 n - a scroll of identify {@r1}
 u - a scroll of enchant weapon
 G - 2 scrolls of fog {unknown}
 R - a scroll of immolation {unknown}
 W - a scroll of fear {unknown}
 Y - a scroll of silence {unknown}
Potions
 b - a potion of attraction {unknown}
 i - 2 potions of degeneration {unknown}
 j - a potion of mutation {unknown}
 m - a potion of ambrosia {unknown}
 w - a potion of brilliance {unknown}
 x - 2 potions of curing {unknown}
 X - 2 potions of invisibility {unknown}

Dungeon Overview and Level Annotations

Branches:
Dungeon (5/15)
 Temple: D:4-7

Altars:
Ashenzari
Ru
Wu Jian
The Shining One

#......####............
....#....#....###...##..
...........#.##)##..##.#
#...####.###.#!/.#.....
.........###.#$∩.# ...
.....###.....#.5. ..#
###.....####.##5##..#
.....##...##..###...####
.##.....#...#...@Y......
###...##..............
######.....####(....
#.....# (... #.....# ..(
#.....# (. ####### .


You could see a yak and 2 quasits.


Message History

You regained 6 hp, and now have 29/37 hp.
You lost 3 mp, and now have 13/23 mp.
Casting: Vampiric Draining (dangerous; 9% risk of failure)
Confirm with . or Enter, or press ? or * to list all spells.
Aiming: Vampiric Draining (dangerous; 9% risk of failure)
Press: ? - help, Shift-Dir - straight line, f - yak
Aim: a yak Nothing appears to happen.
The yak misses you.
Unknown command. 😕 HP[+1] MP[-3]
You lost 3 mp, and now have 10/23 mp.
Casting: Vampiric Draining (dangerous; 9% risk of failure)
Confirm with . or Enter, or press ? or * to list all spells.
Aiming: Vampiric Draining (dangerous; 9% risk of failure)
Press: ? - help, Shift-Dir - straight line, f - yak
Aim: a yak Nothing appears to happen.
The yak gores you!
Unknown command. 😮 HP[-11] MP[-5]
You take 11 damage, and now have 19/37 hp.
MASSIVE DAMAGE!! (PAUSE)
You lost 5 mp, and now have 5/23 mp.
Casting: Vampiric Draining (dangerous; 9% risk of failure)
Confirm with . or Enter, or press ? or * to list all spells.
Aiming: Vampiric Draining (dangerous; 9% risk of failure)
Press: ? - help, Shift-Dir - straight line, f - yak
Aim: a yak Nothing appears to happen.
The yak misses you.
Unknown command. 😮 MP[-3]
You lost 3 mp, and now have 2/23 mp.
You hit the yak. The yak closely misses you.
You block the yak's attack. 😮 HP[+1]
You hit the yak but do no damage. The yak misses you. 😮 HP[+1]
You hit the yak. The yak gores you!
* * * LOW HITPOINT WARNING * * *
😨 HP[-8] MP[-1]
You take 8 damage, and now have 13/37 hp.
MASSIVE DAMAGE!! (PAUSE)
You lost 1 mp, and now have 1/23 mp.
You hit the yak but do no damage. The yak gores you!
* * * LOW HITPOINT WARNING * * *
😱 HP[-9]
You take 9 damage, and now have 4/37 hp.
MASSIVE DAMAGE!! (PAUSE) Magic courses through your body.
The yak gores you!
* * * LOW HITPOINT WARNING * * *
😱 HP[-1] MP[+13]
You take 1 damage, and now have 3/37 hp.
You regained 13 mp, and now have 14/23 mp.
Casting: Vampiric Draining (dangerous; 9% risk of failure)
Confirm with . or Enter, or press ? or * to list all spells.
Aiming: Vampiric Draining (dangerous; 9% risk of failure)
Press: ? - help, Shift-Dir - straight line, f - yak
Aim: a yak (lightly wounded)
You miscast Vampiric Draining.
You are very lightly contaminated with residual magic.
Nothing appears to happen.
The yak closely misses you. 😱 HP[+1] MP[-3]
You lost 3 mp, and now have 11/23 mp.
Casting: Vampiric Draining (dangerous; 9% risk of failure)
Confirm with . or Enter, or press ? or * to list all spells.
Aiming: Vampiric Draining (dangerous; 9% risk of failure)
Press: ? - help, Shift-Dir - straight line, f - yak
Aim: a yak (lightly wounded)
You draw life force from the yak!
You feel life coursing into your body.
You block the yak's attack. 😱 HP[+5] MP[-3]
You regained 5 hp, and now have 9/37 hp.
You lost 3 mp, and now have 8/23 mp.
Casting: Vampiric Draining (dangerous; 9% risk of failure)
Confirm with . or Enter, or press ? or * to list all spells.
Aiming: Vampiric Draining (dangerous; 9% risk of failure)
Press: ? - help, Shift-Dir - straight line, f/p - yak
Aim: a yak (heavily wounded)
You draw life force from the yak.
You feel life coursing into your body. The yak gores you!
* * * LOW HITPOINT WARNING * * *
😱 HP[-2] MP[-5]
You take 2 damage, and now have 7/37 hp.
You lost 5 mp, and now have 3/23 mp.
Casting: Vampiric Draining (dangerous; 9% risk of failure)
Confirm with . or Enter, or press ? or * to list all spells.
Aiming: Vampiric Draining (dangerous; 9% risk of failure)
Press: ? - help, Shift-Dir - straight line, f/p - yak
Aim: a yak (heavily wounded)
You draw life force from the yak!
You feel life coursing into your body. The yak gores you!
* * * LOW HITPOINT WARNING * * *
😱 HP[-6] MP[-3]
You take 6 damage, and now have 1/37 hp.
You lost 3 mp, and now have 0/23 mp.
Okay, then.
Okay, then.
You hit the yak. The yak closely misses you. 😱 HP[+1]
Your muscles tense, ready for explosive movement...
You hit the yak but do no damage. Your bite misses the yak. The yak gores you!
You die...

Skill      XL: |  1  2  3  4  5  6 |
---------------+-------------------+-----
Fighting       | 1 2 3 4 |  4.3
Spellcasting   | 3 4 |  4.0
Dodging        | 2 |  2.3
Armour         | 1 |  1.1
Stealth        | |  2.4
Necromancy     | |  4.9

Action                   |  1- 3 |  4- 6 |  7- 9 || total
-------------------------+-------+-------+-------++-------
Melee: Unarmed           |    12 |   107 |       ||   119
       Bite              |     7 |    55 |       ||    62
       Whip              |       |    59 |     6 ||    65
       Punch             |       |     2 |       ||     2
Throw: Stone             |     3 |    41 |       ||    44
 Cast: Pain              |    66 |    35 |       ||   101
       Vampiric Draining |       |    19 |     6 ||    25
Invok: Lunge             |     2 |     5 |       ||     7
       Serpent's Lash    |       |       |     1 ||     1
  Use: Potion            |       |     1 |     1 ||     2
       Scroll            |       |     5 |       ||     5
 Stab: Sleeping          |       |     1 |       ||     1
Armor: Robe              |     4 |       |       ||     4
       Leather armour    |     3 |    42 |       ||    45
Dodge: Dodged            |    18 |    83 |     6 ||   107
Block: Other             |     8 |    44 |     2 ||    54

Levels and vault maps discovered:
D:1:      lordsloth_arrival_two_stooges, layout_rooms, serial_corexii_hall,
          chequers_hall_statues_corner_a, corexii_hall_statues_deadend,
          hellmonk_ecumenical_altar_dog_temple
D:2:      layout_basic, skrybe_limestone_x, kennysheep_big_empty_room
D:3:      layout_basic, lemuel_coloured_pillars_altar, serial_glass,
          glass_columns_a, glass_columns_a
D:4:      layout_rooms, mainiacjoe_overflow_catwalk_spiral
D:5:      cheibrodos_quashed, layout_basic, serial_shops, shop, uniq_duvessa

Notes
Turn   | Place    | Note
-------+----------+-------------------------------------------
     0 | D:1      | spaghetti the Vine Stalker Necromancer began the quest for
                  | the Orb.
     0 | D:1      | Reached XP level 1. HP: 9/9 MP: 4/4
     0 | D:1      | magus.rc [v1.9.6]
    53 | D:1      | Reached skill level 1 in Fighting
   269 | D:1      | Reached XP level 2. HP: 9/14 MP: 0/6
   952 | D:1      | Found a faded altar of an unknown god.
   959 | D:1      | Reached skill level 2 in Fighting
   965 | D:1      | You add the spells Sting, Poisonous Vapours and Olgreb's
                  | Toxic Radiance to your library.
   990 | D:1      | Prayed at the altar of an unknown god.
   990 | D:1      | Became a worshipper of the Wu Jian Council
   990 | D:1      | Reached * piety under Wu Jian
  1396 | D:2      | HP: 2/15 [worm (7)]
  1688 | D:2      | Reached XP level 3. HP: 15/18 MP: 3/7
  1692 | D:2      | Learned a level 3 spell: Vampiric Draining
  2767 | D:3      | Reached ** piety under Wu Jian
  2814 | D:3      | Gained mutation: Your natural rate of healing is unusually
                  | fast. [Vine Stalker growth]
  2814 | D:3      | Reached XP level 4. HP: 23/23 MP: 8/8
  2848 | D:3      | Reached skill level 3 in Fighting
  2904 | D:3      | HP: 5/24 [orc/+0 hand axe (2)]
  2906 | D:3      | HP: 2/24 [something/magic dart (2)]
  2913 | D:3      | HP: 3/24 [something (1)]
  2918 | D:3      | HP: 6/24 [something (1)]
  3094 | D:3      | Reached XP level 5. HP: 27/28 MP: 0/10
  3222 | D:3      | Found a broken altar of Ashenzari.
  3575 | D:3      | Learned a level 4 spell: Animate Dead
  3723 | D:4      | Found a sacrificial altar of Ru.
  3738 | D:4      | Found a glowing golden altar of the Shining One.
  3836 | D:4      | Reached skill level 3 in Spellcasting
  4226 | D:4      | Reached XP level 6. HP: 33/33 MP: 6/12
  4243 | D:4      | Reached *** piety under Wu Jian
  4244 | D:4      | Reached skill level 2 in Dodging
  4668 | D:4      | Reached skill level 4 in Fighting
  4890 | D:5      | Entered Level 5 of the Dungeon
  4952 | D:5      | Noticed a yak
  4953 | D:5      | Noticed a yak
  4965 | D:5      | Killed a yak
  4966 | D:5      | Reached skill level 1 in Armour
  4966 | D:5      | Reached skill level 4 in Spellcasting
  4966 | D:5      | Reached XP level 7. HP: 29/37 MP: 13/14
  4972 | D:5      | HP: 4/37 [yak (11)]
  4977 | D:5      | HP: 1/37 [yak (10)]
  4979 | D:5      | Mangled by a yak

Vanquished Creatures
  A yak (D:5)
  3 hounds (D:4)
  2 orc priests (D:4)
  2 orc wizards
  5 adders
  An ufetubus (D:4)
  A worm (D:2)
  A dart slug (D:1)
  19 orcs
  5 ball pythons
  5 endoplasms
  2 giant cockroaches
  5 goblins
  4 hobgoblins
  6 jackals
  4 kobolds
  3 quokkas
  A bat (D:2)
  8 frilled lizards
  4 rats
82 creatures vanquished.

Table legend:
 A = Non-vault XP
 B = Vault XP
 C = Vault XP percentage of total XP
 D = Non-vault monster count
 E = Vault monster count
 F = Vault count percentage of total count
                 A         B        C        D         E       F
            +---------+---------+-------+---------+---------+-------
      Total |     697 |       6 |   0.9 |      79 |       3 |   3.7
            +---------+---------+-------+---------+---------+-------
        D:1 |      22 |       6 |  21.4 |      12 |       3 |  20.0
        D:2 |      39 |       0 |   0.0 |      16 |       0 |   0.0
        D:3 |     103 |       0 |   0.0 |      23 |       0 |   0.0
        D:4 |     325 |       0 |   0.0 |      24 |       0 |   0.0
        D:5 |     208 |       0 |   0.0 |       4 |       0 |   0.0
            +---------+---------+-------+---------+---------+-------

Illustrated notes

Table legend:
 A = Kills in this place as a percentage of kills in entire the game.
 B = Kills by you in this place as a percentage of kills by you in the entire game.
 C = Kills by friends in this place as a percentage of kills by friends in the entire game.
 D = Other kills in this place as a percentage of other kills in the entire game.
 E = Experience gained in this place as a percentage of experience gained in the entire game.
 F = Experience gained in this place divided by the number of levels of this place that you have seen.
                   A       B       C       D       E      F
               +-------+-------+-------+-------+-------+----------------------
         Total | 100.0 | 100.0 |   N/A |   N/A | 100.0 | 140.6
       Dungeon | 100.0 | 100.0 |   N/A |   N/A | 100.0 | 140.6
               +-------+-------+-------+-------+-------+----------------------

Table legend: (Time is in decaauts)
 A = Elapsed time spent in this place.
 B = Non-inter-level travel time spent in this place.
 C = Inter-level travel time spent in this place.
 D = Time resting spent in this place.
 E = Time spent auto-exploring this place.
 F = Levels seen in this place.
 G = Mean time per level.
                   A        B        C        D        E       F      G
               +--------+--------+--------+--------+--------+-----+--------+
         Total |   4989 |   4866 |    123 |    586 |   3572 |   5 |  997.8 |
       Dungeon |   4989 |   4866 |    123 |    586 |   3572 |   5 |  997.8 |
               +--------+--------+--------+--------+--------+-----+--------+

Top non-repeatable levels by time:
     D:1: 1661 daAuts
     D:4: 1174 daAuts
     D:3: 1086 daAuts
     D:2: 975 daAuts
     D:5: 92 daAuts
